 Dungeon Crawl Stone Soup version 0.32-a0-649-gd0e5102 (webtiles) character file.

Game seed: 4701576844319419066

165 Meow the Conjurer (level 5, -4/42 HPs)
             Began as a Naga Conjurer on Mar 8, 2024.
             Slain by a lemure (8 damage)
             ... led by Pikel
             ... on level 4 of the Dungeon.
             The game lasted 00:07:52 (3016 turns).

Meow the Conjurer (Naga Conjurer)                   Turns: 3016, Time: 00:07:53

Health: -4/42      AC:  2    Str:  9    XL:     5   Next: 46%
Magic:  16/19      EV:  9    Int: 21    God:
Gold:   134        SH:  0    Dex:  9    Spells: 4/11 levels left

rFire   . . .        a - staff of conjuration
rCold   + . .        (no shield)
rNeg    . . .        s - +0 robe of Amelioration {rC+ MP+9}
rPois   +            (no helmet)
rElec   .            (no cloak)
rCorr   .            (no gloves)
SInv    +            (no barding)
Will    +....        (no amulet)
Stlth   ++           r - ring of willpower
HPRegen 0.27/turn    (no ring)
MPRegen 0.16/turn

%: no passive effects
@: very slow
A: AC +1, large, see invisible, deformed body, poison resistance, slowness 2,
spit poison 1, naga tail 1
a: Spit Poison


You were on level 4 of the Dungeon.
You visited 1 branch of the dungeon, and saw 4 of its levels.

You collected 134 gold pieces.

Inventory:

Hand Weapons
 b - a +0 spear
Missiles
 f - 5 boomerangs (quivered)
 k - 39 stones
 q - 3 javelins
Armour
 d - a +0 robe
 s - the +0 robe of Amelioration (worn) {rC+ MP+9}
   (You found it on level 2 of the Dungeon)

   rC+:       It protects you from cold.
   MP+9:      It affects your magic capacity (+9).
Magical Staves
 a - a staff of conjuration (weapon)
Jewellery
 r - a ring of willpower (left hand)
 u - a ring of ice
 C - a ring of fire
Talismans
 l - a maw talisman
Wands
 x - a wand of flame (20)
 A - a wand of charming (6)
Scrolls
 c - 3 scrolls of teleportation
 h - a scroll of noise {unknown}
 i - a scroll of immolation {unknown}
 m - 2 scrolls of silence {unknown}
 n - 2 scrolls of blinking {unknown}
 p - a scroll of butterflies
 v - a scroll of torment {unknown}
Potions
 g - a potion of curing
 j - a potion of enlightenment {unknown}
 o - a potion of mutation {unknown}
 t - a potion of ambrosia {unknown}
 w - a potion of brilliance {unknown}
 y - a potion of magic
 z - a potion of degeneration {unknown}
 B - a potion of attraction {unknown}


   Skills:
 - Level 1.5 Dodging
 - Level 3.0 Stealth
 + Level 3.8 Spellcasting
 + Level 5.4 Conjurations


You had 4 spell levels left.
You knew the following spells:

 Your Spells              Type           Power      Damage    Failure   Level
a - Magic Dart            Conj           100%       1d8       1%          1
b - Searing Ray           Conj           80%        2d7       1%          2
B - Iskenderun's Mystic   Conj/Tloc      23%        2d6       36%         4

Your spell library contained the following spells:

 Spells                   Type           Power      Damage    Failure   Level
 Slow                     Hex            16%        N/A       12%         1
 Confusing Touch          Hex            4%         N/A       36%         3
 Sigil of Binding         Hex            4%         N/A       36%         3
 Vampiric Draining        Necr           4%         2d6       36%         3
 Fulminant Prism          Conj/Alch      11%        3d8       36%         4
 Animate Dead             Necr           4%         N/A       77%         4
 Borgnjor's Vile Clutch   Necr/Erth      2%         N/A       98%         5
 Death Channel            Necr           2%         N/A       100%        6


Dungeon Overview and Level Annotations

Branches:
Dungeon (4/15)
 Temple: D:4-7

Altars:
Vehumet
Zin


Innate Abilities, Weirdness & Mutations

Your serpentine skin is tough. (AC +1)
You have supernaturally acute eyesight. (SInv)
Armour fits poorly on your strangely shaped body.
Your system is resistant to poisons. (rPois)
You cover ground very slowly.
You can spit poison.
You have a snake-like lower body.


Message History

You feel a surge of power!
The searing ray hits the goblin!
You kill the goblin! (Press . to maintain the ray.) Unknown command.
You have got your breath back.
There is a stone staircase leading up here.
You start resting.
Magic restored.
c - 3 scrolls of teleportation (gained 2) 2 lemures come into view.
Unknown command.
The lemure attacks as it pursues you! The lemure misses you.
The lemure barely misses you. The lemure attacks as it pursues you!
The lemure hits you. The lemure hits you! The lemure attacks as it pursues you!
The lemure hits you.
There is a stone staircase leading up here.
Casting: Searing Ray (safe; 1% risk of failure)
Confirm with . or Enter, or press ? or * to list all spells.
Aiming: Searing Ray (safe; 1% risk of failure)
Press: ? - help, Shift-Dir - straight line, f - lemure
Aim: a lemure (77% to hit)
You feel a surge of power!
The searing ray hits the lemure.
The lemure is lightly wounded. (Press . to maintain the ray.)
The lemure barely misses you.
The searing ray hits the lemure.
The lemure is heavily wounded.
The lemure hits you!
The searing ray misses the lemure.
The lemure hits you!
You feel better. The lemure hits you!
* * * LOW HITPOINT WARNING * * *
Unknown command.
Okay, then.
You hit the lemure but do no damage.
The lemure is heavily wounded.
The lemure hits you.
* * * LOW HITPOINT WARNING * * *
The lemure hits you!
You die...

........# #.#####...#
......#.###.........# #
.....
#.............####.#
...5
#####.....##.##.....
... #...........# .5
#.....##....# .
#.....##....#
#....5<.....#
####..@.....#
#...#....#
##....##....#
##.........†.#
####....#......)#
.####.....##..####..##
................##....
#.....................
#..........##)..)......


You could see a lemure.

Vanquished Creatures
  An orc priest (D:3)
  An orc wizard (D:3)
  3 adders
  A ribbon worm (D:2)
  14 orcs
  3 bats
  3 endoplasms
  4 giant cockroaches
  4 goblins
  5 hobgoblins
  7 jackals
  7 kobolds
  3 quokkas
  A ball python (D:1)
  3 frilled lizards
  6 rats
66 creatures vanquished.

Notes
Turn   | Place    | Note
-------+----------+-------------------------------------------
     0 | D:1      | Meow the Naga Conjurer began the quest for the Orb.
     0 | D:1      | Reached XP level 1. HP: 15/15 MP: 3/3
   193 | D:1      | Reached XP level 2. HP: 15/22 MP: 0/5
   196 | D:1      | Learned a level 2 spell: Searing Ray
  1211 | D:2      | Reached XP level 3. HP: 28/28 MP: 6/6
  1343 | D:2      | Identified the +0 robe of Amelioration {rC+ MP+9}
  1447 | D:2      | Found a faded altar of an unknown god.
  2301 | D:3      | Found a radiant altar of Vehumet.
  2310 | D:3      | Reached XP level 4. HP: 35/36 MP: 8/8
  2369 | D:3      | Found a glowing silver altar of Zin.
  2399 | D:3      | Reached skill level 5 in Conjurations
  2402 | D:3      | Reached XP level 5. HP: 42/42 MP: 9/10
  2531 | D:3      | Learned a level 4 spell: Iskenderun's Mystic Blast
  2857 | D:4      | Noticed a black bear
  3000 | D:4      | Noticed a lemure
  3000 | D:4      | Noticed a lemure
  3016 | D:4      | Slain by a lemure

Illustrated notes

Levels and vault maps discovered:
D:1:      lightli_arrival_farm, layout_basic, supply_closet_lemuel
D:2:      layout_loops_corners, chequers_ecumenical_altar_simple_redux,
          hangedman_decor_lopped, grunt_ministairs_6, minmay_hedge_maze
D:3:      layout_basic, lemuel_tele_altar, vehumet_altar_wand_db,
          roderic_malta_cross
D:4:      layout_rooms, minivault_25, uniq_robin, uniq_grinder, uniq_pikel

Skill      XL: |  1  2  3  4 |
---------------+-------------+-----
Spellcasting   | 3 |  3.8
Conjurations   | 5 |  5.4
Dodging        | |  1.5
Stealth        | |  3.0

Action                     |  1- 3 |  4- 6 || total
---------------------------+-------+-------++-------
  Melee: Spear             |    11 |       ||    11
         Dagger            |     1 |       ||     1
         Staff             |       |     1 ||     1
   Cast: Magic Dart        |    21 |     2 ||    23
         Searing Ray       |    11 |    16 ||    27
Ability: Spit Poison       |    32 |    10 ||    42
    Use: Scroll            |     1 |     3 ||     4
         Potion            |       |     2 ||     2
 Armour: Robe              |    13 |    12 ||    25
  Dodge: Dodged            |    12 |     8 ||    20

Table legend: (Time is in decaauts)
 A = Elapsed time spent in this place.
 B = Non-inter-level travel time spent in this place.
 C = Inter-level travel time spent in this place.
 D = Time resting spent in this place.
 E = Time spent auto-exploring this place.
 F = Levels seen in this place.
 G = Mean time per level.
                   A        B        C        D        E       F      G
               +--------+--------+--------+--------+--------+-----+--------+
         Total |   3953 |   3774 |    179 |    403 |   2900 |   4 |  988.2 |
       Dungeon |   3953 |   3774 |    179 |    403 |   2900 |   4 |  988.2 |
               +--------+--------+--------+--------+--------+-----+--------+

Top non-repeatable levels by time:
     D:1: 1354 daAuts
     D:2: 1289 daAuts
     D:3: 1097 daAuts
     D:4: 211 daAuts
